AoeStats
← tomwilmore

Fortress

510401584Analyzed
1v1 RM · 2d ago on Sep 30, 2026· 61m 5s· 2 players
Game mode
Random Map
Map size
Small (3 player)
Population
200
Speed
Normal
Resources
Standard
Victory
Conquest
Starting age
Dark Age
Ending age
Imperial Age
RankedLock teamsTeams togetherTeam positionsShared explorationLock speedFull tech treeHidden civsTurbo modeCheats
Victory
Defeat
🇩🇪 Khmer · Germany
812
+14
🇬🇧 Inca · United Kingdom
771
-35
tomwilmore
4:56 Loom
8:13 Feudal Age
10:32 Fletching
10:42 Padded Archer Armor
12:18 Gold Mining
12:19 Double-Bit Axe
13:14 Wheelbarrow
17:06 Castle Age
18:21 Crossbowman
20:34 Thumb Ring
22:36 Bow Saw
22:18 Horse Collar
23:40 Town Watch
24:15 Hand Cart
25:25 Heavy Plow
26:58 Ballistics
30:30 Imperial Age
28:18 Scale Mail Armor
28:23 Champi Runner
29:15 Town Watch
30:38 Murder Holes
30:56 Fortified Wall
32:18 Onager
36:14 Gold Shaft Mining
36:26 Crop Rotation
38:58 Chemistry
44:32 Fabric Shields
44:01 Elite Kamayuk
46:34 Forging
46:40 Chain Mail Armor
55:56 Town Patrol
jo8er
6:44 Feudal Age
11:09 Castle Age
10:18 Double-Bit Axe
10:15 Horse Collar
12:44 Bow Saw
13:34 Loom
13:47 Town Watch
14:41 Wheelbarrow
13:55 Town Watch
18:39 Gold Mining
18:41 Stone Mining
19:01 Heavy Plow
18:53 Gold Mining
18:54 Stone Mining
20:53 Hand Cart
21:03 Fletching
21:20 Scale Barding Armor
23:25 Bodkin Arrow
23:51 Chain Barding Armor
25:19 Husbandry
25:30 Bloodlines
28:41 Imperial Age
28:02 Gold Shaft Mining
28:02 Stone Shaft Mining
29:52 Double Crossbow
29:14 Elite Ballista Elephant
31:00 Ballistics
31:01 Siege Engineers
31:45 Plate Barding Armor
32:07 Crop Rotation
33:12 Hoardings
33:03 Conscription
32:57 Town Patrol
34:23 Bracer
34:33 Forging
35:11 Masonry
36:01 Chemistry
36:24 Chemistry
35:35 Masonry
35:22 Murder Holes
35:39 Fortified Wall
35:23 Guard Tower
35:07 Light Cavalry
38:09 Iron Casting
37:37 Hussar
40:38 Blast Furnace
39:18 Elite Battle Elephant
40:47 Tusk Swords
50:08 Fervor
50:19 Sanctity
55:43 Redemption
56:14 Theocracy
Connection lost

Rejoining the realm…

Still unreachable

The connection could not be restored.

Session expired

The server has moved on; the page needs a fresh start.